 Dungeon Crawl Stone Soup version 0.30-a0-1102-g2dbb833546 (webtiles) character file.

Game seed: 4269379712540590661

1817 Essalna the Zephyrmancer (level 9, -1/56 HPs)
             Began as a Tengu Air Elementalist on Apr 18, 2023.
             Succumbed to a water moccasin's poison
             ... on level 7 of the Dungeon.
             The game lasted 00:13:05 (5381 turns).

Essalna the Zephyrmancer (Tengu Air Elementalist)   Turns: 5381, Time: 00:13:05

Health: -1/56      AC:  6    Str:  8    XL:     9   Next: 10%
Magic:  14/14      EV: 20    Int: 19    God:
Gold:   412        SH:  5    Dex: 16    Spells: 9/14 levels left

rFire   . . .      SeeInvis .    e - +0 long sword (heavy)
rCold   . . .      Faith    .    j - +0 buckler
rNeg    . . .      Spirit   .    a - +0 robe
rPois   .          Reflect  .    (helmet restricted)
rElec   .          Rampage  .    (no cloak)
rCorr   .                        (no gloves)
Will    .....                    (boots unavailable)
Stlth   +++                      f - amulet of magic regeneration
HPRegen 0.29/turn                h - +4 ring of protection
MPRegen 0.54/turn                s - +5 ring of evasion

@: mighty, lethally poisoned (-1 -> -19), flying quickly and evasively, quick
A: beak, talons 3, nimble flight
a: no special abilities


You were on level 7 of the Dungeon.
You visited 2 branches of the dungeon, and saw 8 of its levels.
You also visited: Sewer.

You collected 412 gold pieces.

Inventory:

Hand Weapons
 e - a +0 heavy long sword (weapon)
Armour
 a - a +0 robe (worn)
 j - a +0 buckler (worn)
Jewellery
 f - an amulet of magic regeneration (around neck)
 h - a +4 ring of protection (left hand)
 i - a ring of resist corrosion
 s - a +5 ring of evasion (right hand)
 x - an amulet of regeneration
Wands
 k - a wand of roots (15)
 v - a wand of flame (6)
Scrolls
 c - 6 scrolls of identify
 d - a scroll of immolation
 l - a scroll of blinking
 n - 2 scrolls of amnesia
 q - 5 scrolls of teleportation {unknown}
 r - a scroll of fear {unknown}
 w - 2 scrolls of noise {unknown}
Potions
 b - a potion of magic
 g - a potion of attraction
 m - a potion of mutation {unknown}
 o - 2 potions of degeneration
 p - 3 potions of curing
 t - a potion of lignification {unknown}
 u - a potion of berserk rage


   Skills:
 + Level 6.4 Fighting
 + Level 1.3 Armour
 + Level 2.7 Dodging
 - Level 4.0 Stealth
 - Level 4.0 Shields
 - Level 3.0 Spellcasting
 - Level 3.2 Conjurations
 + Level 9.4 Air Magic


You had 9 spell levels left.
You knew the following spells:

 Your Spells              Type           Power      Damage    Failure   Level
a - Shock                 Conj/Air       100%       1d9       1%          1
b - Airstrike             Air            19%        2d(3-19)  4%          4

Your spell library contained the following spells:

 Spells                   Type           Power      Damage    Failure   Level
 Swiftness                Air            38%        N/A       1%          3
 Static Discharge         Conj/Air       52%        2-5/arc   2%          2
 Sublimation of Blood     Necr           2%         N/A       28%         2
 Cause Fear               Hex            1%         N/A       88%         4
 Ice Form                 Ice/Tmut       2%         N/A       88%         4
 Petrify                  Tmut/Erth      2%         N/A       88%         4
 Irradiate                Conj/Tmut      4%         3d13      95%         5
 Dragon Form              Tmut           1%         N/A       100%        7
 Lehudib's Crystal Spear  Conj/Erth      4%         10d3      100%        8
 Dragon's Call            Summ           1%         N/A       100%        9


Dungeon Overview and Level Annotations

Branches:
Dungeon (7/15)             Temple (1/1) D:5           Sewer (visited)

Altars:
Cheibriados
Dithmenos
Fedhas
Gozag
Hepliaklqana
Okawaru
Qazlal
Uskayaw
Wu Jian
Xom
Zin
The Shining One

Annotations:
D:5 1 runed translucent door, Pascal76's ghost, novice GrBe


Innate Abilities, Weirdness & Mutations

You have a beak for a mouth.
You have claws for feet.
Your magical nature lets you fly swiftly and evasively.


Message History

You hit the water moccasin. Your kick misses the water moccasin.
Your peck misses the water moccasin.
The water moccasin is moderately wounded.
You block the water moccasin's attack. The water moccasin misses you.
You block the water moccasin's attack.
You barely miss the water moccasin. Your kick misses the water moccasin.
Your peck misses the water moccasin.
The water moccasin is moderately wounded.
The water moccasin bites you.
You are poisoned.
The water moccasin poisons you! The water moccasin bites you.
You are more poisoned.
The water moccasin poisons you! You block the water moccasin's attack.
You closely miss the water moccasin. Your peck misses the water moccasin.
The water moccasin is moderately wounded.
You feel extremely sick. The water moccasin barely misses you.
The water moccasin completely misses you.
The water moccasin misses you.
You closely miss the water moccasin.
You claw the water moccasin, but do no damage.
You peck the water moccasin.
The water moccasin is moderately wounded.
* * * LOW HITPOINT WARNING * * *
You feel extremely sick. The water moccasin bites you.
* * * LOW HITPOINT WARNING * * *
You are lethally poisoned!
The water moccasin poisons you! The water moccasin closely misses you.
The water moccasin completely misses you.
You miss the water moccasin. Your kick misses the water moccasin.
You peck the water moccasin, but do no damage.
The water moccasin is moderately wounded.
* * * LOW HITPOINT WARNING * * *
You feel extremely sick.
You block the water moccasin's attack. x2
The water moccasin closely misses you.
It was a potion of might.
You feel very mighty all of a sudden.
You die...

#### ##...## ##.[...##
#.......# #.....>.#
########
##....[..####......###
......S@..............
..................#
.........##.......###
.###....####........####
# ##..## ####.........
#.. #.(.##.....#.. #..
#:...#........ #..
###.##.....#.. ##
##........[


You could see a water moccasin.

Vanquished Creatures
  Sigmund (D:4)
  A water moccasin (Sewer)
  Duvessa (D:5)
  A sky beast (D:7)
  A black bear (D:5)
  An ogre (D:5)
  A phantom (D:5)
  A bullfrog (D:7)
  5 scorpions
  Dowan (D:5)
  2 hounds (D:5)
  5 orc priests
  A gnoll bouda (D:6)
  2 iguanas
  Natasha (thrice) (D:4)
  3 orc wizards (D:5)
  4 gnolls (D:6)
  7 adders
  2 river rats (D:5)
  3 shadow imps (D:5)
  2 white imps
  A worm (D:2)
  6 dart slugs
  12 orcs
  16 bats
  8 endoplasms
  2 giant cockroaches (D:2)
  3 goblins
  5 hobgoblins
  4 jackals (D:3)
  2 quokkas (D:2)
  5 ball pythons
  2 frilled lizards
  8 kobolds
  4 rats
126 creatures vanquished.

Vanquished Creatures (others)
  5 dream sheep (D:5)
5 creatures vanquished.

Grand Total: 131 creatures vanquished

Notes
Turn   | Place    | Note
-------+----------+-------------------------------------------
     0 | D:1      | Essalna the Tengu Air Elementalist began the quest for the
                  | Orb.
     0 | D:1      | Reached XP level 1. HP: 10/10 MP: 4/4
   170 | D:1      | Found a faded altar of an unknown god.
   258 | D:1      | Reached XP level 2. HP: 16/16 MP: 3/6
   550 | D:1      | Reached skill level 1 in Fighting
   923 | D:2      | Reached XP level 3. HP: 2/20 MP: 7/7
  1233 | D:2      | Got the Volume of Unstable Momentum
  1536 | D:2      | Reached XP level 4. HP: 18/26 MP: 4/8
  1568 | D:2      | Reached skill level 5 in Air Magic
  1904 | D:3      | Found a hide-covered altar of Uskayaw.
  2264 | D:4      | Noticed Natasha
  2268 | D:4      | Killed Natasha
  2269 | D:4      | Gained mutation: Your magical nature lets you fly swiftly
                  | and evasively. [Tengu growth]
  2269 | D:4      | Reached XP level 5. HP: 31/31 MP: 6/9
  2355 | D:4      | Noticed Natasha
  2358 | D:4      | Killed Natasha
  2364 | D:4      | Learned a level 4 spell: Airstrike
  2407 | D:4      | Found a blossoming altar of Fedhas.
  2414 | D:4      | Noticed Natasha
  2419 | D:4      | Killed Natasha
  2420 | D:4      | Reached XP level 6. HP: 32/37 MP: 7/11
  2495 | D:4      | Reached skill level 6 in Air Magic
  2616 | D:4      | Noticed Sigmund
  2628 | D:4      | Killed Sigmund
  2629 | D:4      | Reached XP level 7. HP: 41/41 MP: 7/12
  2889 | D:4      | Reached skill level 1 in Shields
  3076 | D:5      | Entered Level 5 of the Dungeon
  3166 | D:5      | Found a glowing golden altar of the Shining One.
  3175 | D:5      | Reached skill level 7 in Air Magic
  3326 | D:5      | Reached XP level 8. HP: 44/48 MP: 9/13
  3384 | D:5      | Noticed a dream sheep
  3384 | D:5      | Noticed a dream sheep
  3384 | D:5      | Noticed a dream sheep
  3384 | D:5      | Noticed a dream sheep
  3384 | D:5      | Noticed a dream sheep
  3384 | D:5      | Found a shimmering altar of Xom.
  3388 | D:5      | Killed a dream sheep
  3388 | D:5      | Killed a dream sheep
  3388 | D:5      | Killed a dream sheep
  3388 | D:5      | Killed a dream sheep
  3388 | D:5      | Killed a dream sheep
  3424 | D:5      | Found a staircase to the Ecumenical Temple.
  3437 | D:5      | Reached skill level 5 in Fighting
  3516 | D:5      | Found a glowing drain.
  3529 | Sewer    | Entered a sewer
  3571 | Sewer    | Reached skill level 8 in Air Magic
  3843 | D:5      | Found an ornate altar of the Wu Jian Council.
  3896 | D:5      | Found an iron altar of Okawaru.
  3931 | D:5      | Found a runed translucent door.
  3931 | D:5      | Noticed Pascal76's ghost (novice GrBe)
  3943 | Temple   | Entered the Ecumenical Temple
  3974 | D:5      | Noticed a troll
  4097 | D:5      | Noticed Duvessa
  4104 | D:5      | Noticed Dowan
  4106 | D:5      | Killed Duvessa
  4117 | D:5      | Killed Dowan
  4822 | D:6      | Reached skill level 9 in Air Magic
  5002 | D:6      | Reached XP level 9. HP: 55/55 MP: 11/14
  5264 | D:7      | Reached skill level 1 in Armour
  5381 | D:7      | Succumbed to a water moccasin's poison

Illustrated notes

Levels and vault maps discovered:
D:1:      sevenhm_arrival_forest_fort_small_3, layout_basic,
          hellmonk_ecumenical_altar_pennies_from_heaven, minmay_tetromino_s4
D:2:      minmay_spotlight, layout_basic, minmay_misc_feat_pillars,
          minmay_3d_cube
D:3:      layout_rooms, eat_drink_and_be_merry_uskayaw
D:4:      layout_basic, mainiacjoe_overflow_chevrons, hangedman_decor_lopped,
          uniq_natasha, uniq_sigmund
D:5:      layout_cave_pods, okawaru_trees_2, nzn_wu_jian_council_hall,
          mainiacjoe_overflow_tiny_flanked, kb_xom_exploding_sheep,
          minmay_temple_entry_statues, cheibrodos_sewer_entry_sluice,
          ebering_ghost_inner_flame, nrook_mini_vaults, uniq_duvessa
D:6:      layout_rooms
D:7:      layout_rooms, lemuel_coloured_pillars_altar, kennysheep_mini,
          gammafunk_ghost_abyssal_escape
Temple:   hellmonk_temple_two_chambers

Skill      XL: |  1  2  3  4  5  6  7  8  9 |
---------------+----------------------------+-----
Conjurations   | 2 3 |  3.2
Fighting       | 1 2 3 4 6 |  6.4
Air Magic      | 5 6 7 9 |  9.4
Stealth        | 3 4 |  4.0
Spellcasting   | 3 |  3.0
Shields        | 2 4 |  4.0
Armour         | 1 |  1.3
Dodging        | |  2.7

Action                     |  1- 3 |  4- 6 |  7- 9 || total
---------------------------+-------+-------+-------++-------
  Melee: Unarmed           |     3 |       |       ||     3
         Kick              |     3 |     1 |    16 ||    20
         Peck              |     1 |       |    16 ||    17
         Long sword        |    13 |     1 |    65 ||    79
   Cast: Shock             |    54 |    96 |   179 ||   329
    Use: Potion            |     2 |       |     3 ||     5
         Scroll            |       |     6 |       ||     6
 Armour: Robe              |     7 |     8 |    44 ||    59
  Dodge: Dodged            |    18 |    15 |   178 ||   211
  Block: Buckler           |       |     3 |    40 ||    43

Table legend: (Time is in decaauts)
 A = Elapsed time spent in this place.
 B = Non-inter-level travel time spent in this place.
 C = Inter-level travel time spent in this place.
 D = Time resting spent in this place.
 E = Time spent auto-exploring this place.
 F = Levels seen in this place.
 G = Mean time per level.
                   A        B        C        D        E       F      G
               +--------+--------+--------+--------+--------+-----+--------+
         Total |   5262 |   4832 |    430 |      0 |   3920 |   9 |  584.7 |
       Dungeon |   5156 |   4729 |    427 |      0 |   3861 |   7 |  736.6 |
        Temple |     16 |     13 |      3 |      0 |      9 |   1 |   16.0 |
         Sewer |     90 |     90 |      0 |      0 |     49 |   1 |   90.0 |
               +--------+--------+--------+--------+--------+-----+--------+

Top non-repeatable levels by time:
     D:5: 1426 daAuts
     D:2: 928 daAuts
     D:1: 918 daAuts
     D:4: 795 daAuts
     D:6: 499 daAuts
     D:3: 404 daAuts
     D:7: 183 daAuts
   Sewer: 90 daAuts
  Temple: 16 daAuts
